[Event "Serbian League 2024"]
[Site "Bajina Basta"]
[Date "2024.09.28"]
[Round "1.1"]
[White "Adhiban, B.."]
[Black "Markus, Robert"]
[Result "1/2-1/2"]
[ECO "E69"]
[WhiteElo "2537"]
[BlackElo "2586"]
[Annotator "TA"]
[PlyCount "23"]
[EventDate "2024.09.26"]
[EventType "team-tourn"]
[EventCountry "SRB"]
[SourceTitle "playchess.com"]
[Source "ChessBase"]
[SourceQuality "1"]
[TimeControl "40/5400+30:1800+30"]

1. d4 Nf6 2. Nf3 d6 3. g3 g6 4. Bg2 Bg7 5. O-O O-O 6. c4 Nbd7 7. Nc3 e5 8. e4 exd4 9. Nxd4 Re8 10. h3 Nc5 11. Re1 c6 12. Bf4 {[%emt 0:03:03] Weighted Error Value: White=0.00 (flawless) /Black=0.13 (very precise) .  OK:         	White=1     	---} 1/2-1/2

[Event "Serbian League 2024"]
[Site "Bajina Basta"]
[Date "2024.09.28"]
[Round "1.4"]
[White "Kosic, Dragan"]
[Black "Zajic, Milan"]
[Result "1/2-1/2"]
[ECO "D14"]
[WhiteElo "2371"]
[BlackElo "2404"]
[Annotator "RC"]
[PlyCount "22"]
[EventDate "2024.09.26"]
[EventType "team-tourn"]
[EventCountry "SRB"]
[SourceTitle "playchess.com"]
[Source "ChessBase"]
[SourceQuality "1"]
[TimeControl "40/5400+30:1800+30"]

1. d4 d5 2. c4 c6 3. Nc3 Nf6 4. cxd5 cxd5 5. Bf4 Nc6 6. e3 Bf5 7. Nf3 e6 8. Bd3 Bxd3 9. Qxd3 Be7 10. h3 O-O 11. O-O Rc8 1/2-1/2

[Event "Serbian League 2024"]
[Site "Bajina Basta"]
[Date "2024.09.28"]
[Round "1.5"]
[White "Roganovic, Milos"]
[Black "Miljkovic, Miroslav D"]
[Result "1/2-1/2"]
[ECO "B33"]
[WhiteElo "2434"]
[BlackElo "2420"]
[Annotator "RC"]
[PlyCount "22"]
[EventDate "2024.09.26"]
[EventType "team-tourn"]
[EventCountry "SRB"]
[SourceTitle "playchess.com"]
[Source "ChessBase"]
[SourceQuality "1"]
[TimeControl "40/5400+30:1800+30"]

1. e4 c5 2. Nf3 Nc6 3. d4 cxd4 4. Nxd4 Nf6 5. Nc3 e5 6. Ndb5 d6 7. Bg5 a6 8. Na3 b5 9. Nd5 Be7 10. Bxf6 Bxf6 11. c3 Bg5 1/2-1/2

[Event "Serbian League 2024"]
[Site "Bajina Basta"]
[Date "2024.09.28"]
[Round "1.6"]
[White "Laketic, Gojko"]
[Black "Toth, Aleksandar"]
[Result "1/2-1/2"]
[ECO "C47"]
[WhiteElo "2265"]
[BlackElo "2333"]
[Annotator "RC"]
[PlyCount "21"]
[EventDate "2024.09.26"]
[EventType "team-tourn"]
[EventCountry "SRB"]
[SourceTitle "playchess.com"]
[Source "ChessBase"]
[SourceQuality "1"]
[TimeControl "40/5400+30:1800+30"]

1. e4 e5 2. Nf3 Nc6 3. d4 exd4 4. Nxd4 Nf6 5. Nc3 Bb4 6. Nxc6 bxc6 7. Bd3 d5 8. exd5 cxd5 9. O-O O-O 10. Bg5 c6 11. Qf3 1/2-1/2

[Event "Serbian League 2024"]
[Site "Bajina Basta"]
[Date "2024.09.28"]
[Round "1.7"]
[White "Kuybokarov, Temur"]
[Black "Krstulovic, Alex"]
[Result "1-0"]
[ECO "C42"]
[WhiteElo "2562"]
[BlackElo "2452"]
[Annotator "TA"]
[PlyCount "79"]
[EventDate "2024.09.26"]
[EventType "team-tourn"]
[EventCountry "SRB"]
[SourceTitle "playchess.com"]
[Source "ChessBase"]
[SourceQuality "1"]
[TimeControl "40/5400+30:1800+30"]

1. e4 e5 2. Nf3 Nf6 3. Nxe5 d6 4. Nf3 Nxe4 5. d4 d5 6. Bd3 Bd6 7. O-O O-O 8. c4 c6 9. Re1 Bf5 10. Qb3 Qd7 11. Nc3 Nxc3 12. Bxf5 Qxf5 {[%emt 0:00:05] The position is equal.} 13. Qxb7 (13. Qxc3 dxc4 14. Qxc4 Nd7 $11) (13. bxc3 {simplifies} b6 14. cxd5 cxd5 15. Qb5) 13... Qd7 14. Qxd7 (14. Qxa8 Na4 (14... Na6 15. Qxf8+ Bxf8 16. bxc3 $16) 15. c5 (15. cxd5 $2 cxd5 $19) 15... Na6 $19) 14... Nxd7 15. c5 Bxc5 16. dxc5 Ne4 17. Nd4 Rfc8 18. b4 a5 19. f3 Nef6 20. Nf5 Re8 21. Rxe8+ Nxe8 22. Ne7+ Kf8 23. Nxc6 {[%emt 0:00:08] White is more active.} axb4 24. Nxb4 {[%emt 0:00:27] c6 would now be deadly.} Nxc5 {[%emt 0:00:53] [#]} 25. Be3 $1 (25. Nxd5 Nb3 26. Rb1 (26. axb3 $2 {too greedy.} Rxa1 27. h3 Rxc1+ $19) (26. Nb6 Ra5 $11) 26... Nxc1 27. Rxc1 Rxa2 $15) 25... d4 26. Bxd4 Ne6 27. Bf2 Ra3 28. Rb1 Nd6 29. Rb3 Ra4 30. Bg3 Nf5 31. Nd5 {[%emt 0:02:51] Threatening mate with Rb8+.} f6 32. Nc3 Rc4 33. Be1 Kf7 34. Rb7+ Kg6 35. a4 Nc5 $2 {[%emt 0:03:39] Black cannot hold the game after this.} (35... Nd8 $16 36. Rb6 Nc6) 36. Rc7 $18 Ne3 37. a5 Nd3 38. Rxc4 {[%emt 0:02:15] White is winning.} Nxc4 {[%emt 0:00:06] [#]} 39. Nd5 $1 {[%emt 0:02:20][%cal Oa5a6] Hoping for a6!} Nc5 (39... Nxe1 $2 {is the wrong capture.} 40. a6 $18) (39... Nd6 40. a6) 40. Nc7 {[%emt 0:00:11] Weighted Error Value: White=0.01 (flawless) /Black=0.22 (precise) .  Loses game:     	---       	Black=1      Inaccurate:     	---       	Black=2      OK:         	White=19    	Black=14     Best:        	White=4     	Black=1      Strong:       	White=1     	---} 1-0

[Event "Serbian League 2024"]
[Site "Bajina Basta"]
[Date "2024.09.28"]
[Round "1.8"]
[White "Popovic, Dusan"]
[Black "Sychev, Klementy"]
[Result "1/2-1/2"]
[ECO "C42"]
[WhiteElo "2494"]
[BlackElo "2532"]
[Annotator "TA"]
[PlyCount "36"]
[EventDate "2024.09.26"]
[EventType "team-tourn"]
[EventCountry "SRB"]
[SourceTitle "playchess.com"]
[Source "ChessBase"]
[SourceQuality "1"]
[TimeControl "40/5400+30:1800+30"]

1. e4 e5 2. Nf3 Nf6 {[%emt 0:01:17][%cal Bg8f6,Bf6e4,Be4d2][%mdl 32] EV=13.59} 3. Nxe5 d6 4. Nf3 Nxe4 5. d4 d5 6. Bd3 Nc6 7. O-O Be7 8. Nbd2 Nxd2 9. Bxd2 Bg4 10. c3 $1 O-O {[%emt 0:01:04] C42: Petroff Verdediging: 3 Pxe5 en ongebruikelijke Wit 3e zetten.} 11. h3 Bh5 {[%emt 0:00:39] OK} 12. g3 Qd7 {[%emt 0:04:35] OK. Wit staat iets beter.} 13. Kg2 {[%emt 0:02:24][%cal Of3e5] OK} Bg6 {[%emt 0:01:17] OK} 14. Qc2 {[%emt 0:01:46] 14.Bf4 is nu de hoofdvariant geworden.} (14. Bxg6 $5 {lijkt wild.} fxg6 15. Qc2 Rae8 16. Rfe1) 14... Bxd3 {[%emt 0:02:18] OK} 15. Qxd3 a6 {[%emt 0:00:45] OK} 16. Rae1 {[%emt 0:03:22] OK} Rae8 {[%emt 0:01:22] OK} 17. Bf4 f6 {[%emt 0:06:31] Onnauwkeurig} 18. h4 {[%emt 0:04:43] Wit heeft actievere stukken. OK} Bd6 $146 {[%emt 0:02:53] Blunder waarde: Wit=0.07 (foutloos) /Zwart=0.06 (foutloos) .  Onnauwkeurig:    	---       	Zwart=1      OK:         	Wit=3      	Zwart=6} ({Predecessor:} 18... Nd8 19. h5 Bd6 20. Bxd6 Qxd6 21. Nh4 Qd7 22. Qf3 Re6 23. Nf5 Rfe8 24. Re3 c6 {½-½ Maia,V (2329)-Landers,J (2126) WZ-ch sf09 email 2018}) 1/2-1/2

[Event "Serbian League 2024"]
[Site "Bajina Basta"]
[Date "2024.09.28"]
[Round "1.9"]
[White "Maksimovic, Bojan"]
[Black "Sedlak, Nikola"]
[Result "1/2-1/2"]
[ECO "D05"]
[WhiteElo "2503"]
[BlackElo "2401"]
[Annotator "TA"]
[PlyCount "88"]
[EventDate "2024.09.26"]
[EventType "team-tourn"]
[EventCountry "SRB"]
[SourceTitle "playchess.com"]
[Source "ChessBase"]
[SourceQuality "1"]
[TimeControl "40/5400+30:1800+30"]

1. d4 e6 2. Nf3 Nf6 3. e3 d5 4. Bd3 c5 5. b3 Nc6 6. O-O Bd6 7. Bb2 O-O 8. Nbd2 cxd4 9. exd4 b6 10. a3 Bb7 11. Re1 Rc8 {[%emt 0:07:51] The position is equal.} 12. Ne5 Re8 13. Re3 Bf8 14. Ndf3 Nxe5 15. Nxe5 Ne4 16. Qe2 f6 17. f3 fxe5 18. fxe4 exd4 19. Rh3 {[%emt 0:00:36] e5 would now be deadly.} dxe4 20. Bxe4 Bxe4 21. Qxe4 h6 {[%emt 0:03:44] With the idea ...Qd5.} 22. Bxd4 {[%emt 0:03:31] [#]} (22. Rf1 {is interesting.} Qd6 23. Bxd4 e5 24. Be3) 22... Rc6 23. c3 $14 Rxc3 $2 24. Rh5 $2 (24. Bxc3 $18 {[%cal Oh3h6] aiming for Rxh6!} e5 25. Rf1 (25. Bxe5 Bc5+ 26. Kh1 Qe7 $18)) 24... Rc2 {White must now prevent ...Rd2.} 25. Rxh6 Rxg2+ 26. Kh1 {[%emt 0:00:00] [#] Strongly threatening Qh7+.} Qd5 $1 27. Qxg2 Qxg2+ ({Much weaker is} 27... Qxd4 $6 28. Rg1 $14) 28. Kxg2 gxh6 $17 {[%emt 0:00:00][%mdl 4096] Endgame. KRB-KRB} 29. Kf3 Rd8 30. Rg1+ Kf7 31. Rg4 e5 32. Bxe5 Rd3+ ({Don't play} 32... Bxa3 33. Rg7+ Ke6 34. Ke4 $11) 33. Ke4 Rxb3 34. Rf4+ $1 Ke8 35. a4 Be7 36. Kd5 b5 37. Ke6 {[%emt 0:02:35] Threatens to win with Rf7.} bxa4 38. Rxa4 Rb6+ 39. Kf5 a6 40. Rc4 Bd6 41. Bd4 Rb4 42. Rxb4 Bxb4 43. Kg6 (43. Be3 $11) 43... Bd2 $15 44. Bb6 Kd7 {[%emt 0:00:00] Blacks defense is rewarded with a draw.   Weighted Error Value: White=0.29 (precise) /Black=0.07 (flawless) .  Loses game:     	---       	Black=1      Missed win:     	White=1     	---        Mistake:       	White=1     	Black=1      Inaccurate:     	White=1     	Black=2      OK:         	White=14    	Black=17     Best:        	White=2     	Black=2      Strong:       	White=1     	Black=1} 1/2-1/2

[Event "Serbian League 2024"]
[Site "Bajina Basta"]
[Date "2024.09.28"]
[Round "1.10"]
[White "Stojanovic, Dalibor"]
[Black "Pap, Misa"]
[Result "1/2-1/2"]
[ECO "C54"]
[WhiteElo "2448"]
[BlackElo "2389"]
[Annotator "RC"]
[PlyCount "51"]
[EventDate "2024.09.26"]
[EventType "team-tourn"]
[EventCountry "SRB"]
[SourceTitle "playchess.com"]
[Source "ChessBase"]
[SourceQuality "1"]
[TimeControl "40/5400+30:1800+30"]

1. e4 e5 2. Nf3 Nc6 3. Bc4 Nf6 4. d3 Bc5 5. Bg5 h6 6. Bh4 d6 7. c3 a5 8. a4 Ba7 9. O-O Qe7 10. Nbd2 Bg4 11. Qb3 Rb8 12. Rfe1 g5 13. Bg3 Nh5 14. Bd5 Nd8 15. d4 Nxg3 16. hxg3 c6 17. Bc4 Qf6 18. Be2 O-O 19. dxe5 dxe5 20. Rf1 Re8 21. Nc4 Ne6 22. Qc2 Nc5 23. Rad1 Bh5 24. Rd6 Qg7 25. Ne3 Bg6 26. Nf5 1/2-1/2

[Event "Serbian League 2024"]
[Site "Bajina Basta"]
[Date "2024.09.28"]
[Round "1.11"]
[White "Damljanovic, Branko"]
[Black "Alimpic, Aleksa"]
[Result "1/2-1/2"]
[ECO "B10"]
[WhiteElo "2354"]
[BlackElo "2253"]
[Annotator "RC"]
[PlyCount "50"]
[EventDate "2024.09.26"]
[EventType "team-tourn"]
[EventCountry "SRB"]
[SourceTitle "playchess.com"]
[Source "ChessBase"]
[SourceQuality "1"]
[TimeControl "40/5400+30:1800+30"]

1. e4 c6 2. d3 d5 3. Nd2 e5 4. Ngf3 Bd6 5. d4 exd4 6. exd5 cxd5 7. Bb5+ Nc6 8. Nxd4 Nge7 9. N2b3 O-O 10. c3 Qc7 11. Be2 a6 12. h3 h6 13. O-O Re8 14. Bd3 Bd7 15. Bc2 Ne5 16. Qh5 Nc4 17. Nd2 Bh2+ 18. Kh1 Bf4 19. Nxc4 dxc4 20. Bxf4 Qxf4 21. Rad1 Rad8 22. Kg1 Qg5 23. Qxg5 hxg5 24. Nf3 f6 25. Rfe1 Kf7 1/2-1/2

[Event "Serbian League 2024"]
[Site "Bajina Basta"]
[Date "2024.09.28"]
[Round "1.12"]
[White "Popovic, Milan S"]
[Black "Ivanovic, Marko"]
[Result "1-0"]
[ECO "B40"]
[WhiteElo "2367"]
[BlackElo "2240"]
[Annotator "RC"]
[PlyCount "95"]
[EventDate "2024.09.26"]
[EventType "team-tourn"]
[EventCountry "SRB"]
[SourceTitle "playchess.com"]
[Source "ChessBase"]
[SourceQuality "1"]
[TimeControl "40/5400+30:1800+30"]

1. e4 c5 2. Nf3 e6 3. g3 Nc6 4. Bg2 Nf6 5. Qe2 d5 6. exd5 Nxd5 7. O-O Be7 8. Rd1 O-O 9. d4 cxd4 10. Nxd4 Nxd4 11. Rxd4 Bf6 12. Rd1 Qc7 13. c4 Nb6 14. Na3 Bd7 15. Bf4 e5 16. Be3 Rad8 17. c5 Nc8 18. Nb5 Qb8 19. Nc3 Bc6 20. Nd5 Bxd5 21. Bxd5 Ne7 22. Be4 Nc6 23. Qh5 g6 24. Qf3 Bg7 25. Bxc6 bxc6 26. Qxc6 Qb5 27. b3 Qxb3 28. Qa4 Qb2 29. Rab1 Rc8 30. Rd5 Qe2 31. Rd7 h5 32. h4 Qf3 33. Qxa7 e4 34. Qa4 Be5 35. Qd1 Qf5 36. Rd5 Rfe8 37. Kg2 Rc7 38. Qe2 Qe6 39. Rbd1 f5 40. Qd2 Kh7 41. Rd7+ Re7 42. Rxc7 Bxc7 43. Qd5 Qc8 44. Bg5 Rg7 45. Bf6 f4 46. Bxg7 f3+ 47. Kh2 Bxg3+ 48. fxg3 1-0

[Event "Serbian League 2024"]
[Site "Bajina Basta"]
[Date "2024.09.28"]
[Round "1.13"]
[White "Nadj Hedjesi, Balind"]
[Black "Ivic, Velimir"]
[Result "0-1"]
[ECO "B92"]
[WhiteElo "2212"]
[BlackElo "2599"]
[Annotator "TA"]
[PlyCount "64"]
[EventDate "2024.09.26"]
[EventType "team-tourn"]
[EventCountry "SRB"]
[SourceTitle "playchess.com"]
[Source "ChessBase"]
[SourceQuality "1"]
[TimeControl "40/5400+30:1800+30"]

1. e4 c5 2. Nf3 d6 3. d4 cxd4 4. Nxd4 Nf6 5. Nc3 a6 6. Be2 e5 7. Nb3 Be7 8. Qd3 Be6 9. O-O O-O 10. Be3 Nbd7 11. Nd5 Bxd5 12. exd5 Rc8 13. c4 a5 14. Rac1 b6 15. Na1 Nc5 {[%emt 0:02:16] Black has an edge.} 16. Qd1 Nfd7 17. a3 a4 $1 18. Nc2 Bg5 19. Nb4 Bxe3 20. fxe3 Qg5 21. Rf3 f5 22. Nc6 Rce8 23. Qe1 ({White should play} 23. Rg3 Qf6 24. Qc2) 23... f4 $17 24. Qc3 Nf6 {[%emt 0:02:46][%cal Bd7f6,Bf6g4,Bg4e5,Be5d3][%mdl 32] Hoping for ...Ng4.} 25. Bf1 $2 (25. Qc2 {was called for.}) 25... Ng4 $19 {[%emt 0:03:35] A dynamic duo of knights.} 26. exf4 exf4 {[%emt 0:00:41] ...Re3 would now be deadly.} ({Don't take} 26... Rxf4 27. Rh3 $19) 27. Nd4 Ne5 28. Rh3 $2 {[%emt 0:03:28] [#]} (28. Qd2) 28... f3 $1 29. Rg3 f2+ 30. Kh1 Qf4 31. Qe3 (31. Ne2 $142 Qf6 32. Re3) 31... Qxe3 32. Rxe3 {[%emt 0:00:01] [#]} Ned3 $1 {[%emt 0:00:48][%mdl 512] Black took control after the opening.   Weighted Error Value: White=0.71/Black=0.13 (very precise) .  Mistake:       	White=4     	---        Inaccurate:     	White=2     	---        OK:         	White=5     	Black=7      Best:        	White=1     	Black=2      Strong:       	---       	Black=1      Brilliant:      	---       	Black=1} 0-1

[Event "Serbian League 2024"]
[Site "Bajina Basta"]
[Date "2024.09.28"]
[Round "1.14"]
[White "Djukic, Nikola"]
[Black "Yilmaz, Baver"]
[Result "1-0"]
[ECO "C60"]
[WhiteElo "2515"]
[BlackElo "2202"]
[Annotator "TA"]
[PlyCount "99"]
[EventDate "2024.09.26"]
[EventType "team-tourn"]
[EventCountry "SRB"]
[SourceTitle "playchess.com"]
[Source "ChessBase"]
[SourceQuality "1"]
[TimeControl "40/5400+30:1800+30"]

1. e4 e5 2. Nf3 Nc6 3. Bb5 Nge7 4. Nc3 g6 5. d4 exd4 6. Nxd4 Bg7 7. Be3 O-O 8. Nxc6 bxc6 9. Ba4 d6 {[%emt 0:06:24] White has an edge.} 10. Bd4 f6 11. Bb3+ Kh8 12. h4 {[%emt 0:00:06] Strongly threatening h5.} c5 13. Be3 {[%emt 0:01:20] aiming for h5.} h5 14. Qd2 Rb8 15. O-O-O Nc6 16. f3 $36 {[%emt 0:08:05][%cal Og2g4][%mdl 2048] Black is under strong pressure.} Qe8 {[%emt 0:04:38] [#]} 17. g4 $1 {[%emt 0:07:24][%mdl 512] Threatens to win with gxh5.} Ne5 18. gxh5 gxh5 19. f4 (19. Rdf1 $16) 19... Ng4 $11 20. Rhe1 Be6 (20... Bh6 $11) 21. f5 Bxb3 22. cxb3 Kh7 {[%emt 0:02:31] ...Nxe3 would now be deadly.} 23. Bf4 Qf7 24. Kb1 Rfe8 25. Nd5 Rb7 26. Qc2 a5 27. Bd2 Ra8 28. Nf4 {[%emt 0:03:12] White is more active.} Qe8 29. Ne6 Raa7 (29... Qb5 $16 30. Bc3 a4) 30. a4 Ra8 31. Rg1 Rab8 32. Rg3 (32. Bxa5 Rxb3 33. Bc3 Qxa4 34. Nxc7 Qc4 $19 (34... Ne3 $2 35. Qe2 $19)) 32... Qc6 $2 (32... Bh6 {is a better defense.} 33. Bxa5 Qf7) 33. Bxa5 Bh6 {[%emt 0:01:46] [#]} 34. b4 $1 Rxb4 35. Bxb4 (35. Bxc7 Rxb2+ 36. Qxb2 Qxe4+ (36... Rxb2+ $2 37. Kxb2 Ne3 38. Rxe3 $19) 37. Rdd3 Rxb2+ 38. Kxb2 Ne5 (38... Qxf5 $2 39. Rxd6 Qf2+ 40. Kb1 $19) 39. Nxc5 Nxd3+ (39... dxc5 $2 40. Bxe5 Qxe5+ 41. Kb3 $19) 40. Nxd3 Qxa4 (40... Qxf5 $2 41. Bxd6 Qd7 42. Bc5 $19) 41. Bxd6 Qd4+ (41... Qxh4 $2 42. Kc3 $19) 42. Kc2 Qxd6 $19) 35... Rxb4 {[%emt 0:00:05] [#]} 36. Rd4 $3 {[%emt 0:00:56][%mdl 512] Black must now prevent Rxb4.} Rb8 (36... Ne3 $2 37. Rxe3 $18) 37. Rc4 Ne3 {[%emt 0:01:33] [#]} (37... Qa6 $142 38. Ka2 (38. Nxc7 Qa5 $16) 38... Ne5 (38... Ne3 $2 39. Rxe3 Bxe3 40. e5 $18)) 38. Rxe3 $1 $18 Bxe3 39. Qe2 Bh6 40. Qxh5 Qe8 {[%emt 0:00:38] Prevents Qg6+} 41. Qxe8 Rxe8 42. Nxc7 {[%emt 0:00:10][%mdl 4096] Endgame. KRB-KRN} Rc8 43. Nd5 Kg7 (43... Ra8 $142 44. Kc2 (44. Nxf6+ Kg7 $18) 44... Kg7) 44. a5 Ra8 45. Ra4 Kf7 46. a6 {[%emt 0:00:19] And now a7 would win.} Ra7 47. Kc2 Bg7 48. Nb6 Ke8 49. Nc8 Ra8 {[%emt 0:00:00] [#]} 50. a7 $1 {[%emt 0:00:00] Weighted Error Value: White=0.13 (very precise) /Black=0.32.  Mistake:       	White=1     	Black=5      Inaccurate:     	---       	Black=5      OK:         	White=21    	Black=11     Best:        	White=2     	Black=4      Brilliant:      	White=1     	---} 1-0

[Event "Serbian League 2024"]
[Site "Bajina Basta"]
[Date "2024.09.28"]
[Round "1.15"]
[White "Szalai, Kornel"]
[Black "Nenezic, Marko"]
[Result "0-1"]
[ECO "B31"]
[WhiteElo "2388"]
[BlackElo "2492"]
[Annotator "TA"]
[PlyCount "116"]
[EventDate "2024.09.26"]
[EventType "team-tourn"]
[EventCountry "SRB"]
[SourceTitle "playchess.com"]
[Source "ChessBase"]
[SourceQuality "1"]
[TimeControl "40/5400+30:1800+30"]

1. e4 c5 2. Nf3 Nc6 3. Bb5 g6 4. O-O Bg7 5. Re1 e5 6. a3 Nge7 7. b4 d6 8. bxc5 {[%emt 0:05:10] The position is equal.} dxc5 9. a4 O-O 10. Ba3 b6 11. Nc3 Na5 12. Bf1 Be6 13. Ng5 Bd7 14. Bb2 Nec6 15. Nf3 Be6 16. Nb5 h6 17. Bc3 Qd7 18. d3 Rfd8 19. Nd2 Qe7 20. Qb1 Rab8 21. Na3 h5 22. Nac4 Nxc4 23. Nxc4 Bxc4 24. dxc4 Bh6 25. Qb5 {[%emt 0:01:12] [#]} ({White should play} 25. Rd1 $15) 25... Nb4 $1 $17 26. Bxb4 cxb4 27. Red1 Bd2 28. Rab1 {[%emt 0:01:49] [#]} (28. a5 $142) 28... Rbc8 $1 $19 29. Bd3 {[%emt 0:02:17] White is weak on the dark squares} Bc3 30. Be2 Bd2 {[%emt 0:05:24] And now ...Rc5 would win.} 31. Bd3 $1 Rc5 32. Rxd2 Rxb5 33. axb5 Rd4 34. Re2 h4 35. h3 Qc5 36. Re3 Kg7 37. Ra1 (37. Kh1 {is a better defense.}) 37... Rd7 38. Kf1 (38. Rb1 {keeps fighting.}) 38... Kf6 39. Rf3+ Ke7 40. Rb1 Rd4 41. Kg1 {[%emt 0:10:10] [#]} f5 $1 42. Re1 f4 43. Ra1 Rd7 {[%emt 0:00:17] Strongly threatening ...Qd4.} 44. Kf1 $2 (44. Rb1) 44... Qd4 45. Rb1 Qc3 46. Kg1 (46. Rd1 $142) 46... g5 47. Kh2 (47. Rd1 $142) 47... Qd2 {[%emt 0:00:22] Black is clearly winning.} 48. Kg1 Rd4 49. Kh2 Kd6 50. Kh1 Kc5 51. Kg1 Qc3 {[%emt 0:04:38][%cal Od4d3] ...Rxd3! would now be deadly.} 52. Kh2 {[%emt 0:00:52] [#]} (52. Rd1 $142) 52... Rxd3 $1 53. Rxd3 Qxc2 {[%emt 0:00:10] KQ-KRR} 54. Rd5+ Kxc4 55. Ra1 Qxe4 56. Rd7 Kxb5 57. Rdxa7 b3 {[%emt 0:00:39] Threatens to win with ...b2.} 58. R7a3 Qc2 {[%emt 0:00:15] Weighted Error Value: White=0.71/Black=0.27 (precise) .  Mistake:       	White=7     	---        Inaccurate:     	White=1     	Black=1      OK:         	White=11    	Black=17     Best:        	White=3     	Black=1      Strong:       	White=1     	Black=2} 0-1

[Event "Serbian League 2024"]
[Site "Bajina Basta"]
[Date "2024.09.28"]
[Round "1.22"]
[White "Tadic, Stefan"]
[Black "Bryakin, Mikhail"]
[Result "1/2-1/2"]
[ECO "C55"]
[WhiteElo "2440"]
[BlackElo "2438"]
[Annotator "TA"]
[PlyCount "105"]
[EventDate "2024.09.26"]
[EventType "team-tourn"]
[EventCountry "SRB"]
[SourceTitle "playchess.com"]
[Source "ChessBase"]
[SourceQuality "1"]
[TimeControl "40/5400+30:1800+30"]

1. e4 e5 2. Nf3 Nc6 3. Bc4 Nf6 4. d3 Be7 5. O-O O-O 6. Nc3 d6 7. a4 Be6 8. Nd5 Nd4 9. Nxe7+ {[%emt 0:25:57] White has an edge.} Qxe7 10. Nxd4 exd4 11. Re1 Nd7 12. b3 c5 13. f4 Nb8 14. Qf3 Nc6 15. Bd2 Bxc4 16. bxc4 Qd7 17. a5 Rab8 18. Rab1 Rfe8 19. Qf2 Re7 20. c3 f5 21. cxd4 {[%emt 0:01:03] Black must now prevent d5.} Nxd4 22. Bc3 Nc6 23. exf5 Qxf5 24. Rxe7 Nxe7 25. Qf3 Qd7 26. Re1 Rf8 27. g4 d5 28. f5 Rf7 ({Better is} 28... d4 29. Bd2 Nc6) 29. Re5 $1 $16 {[%emt 0:03:04][%cal Rc4d5] White is much more active.} h5 30. h3 (30. gxh5 dxc4 31. dxc4 Rxf5 32. Rxe7 Rg5+ 33. Kh1 Qxe7 $11) (30. cxd5 $6 hxg4 31. Qxg4 Nxd5 $15) 30... hxg4 31. hxg4 dxc4 32. dxc4 b6 33. a6 (33. Qe4 $16) 33... Nc6 (33... Ng6 $14 34. Rd5 Qe7) 34. Rd5 Qe7 {[%emt 0:00:51] Black is weak on the light squares} 35. Rd1 Qg5 36. Re1 (36. Qxc6 $2 Qxg4+ 37. Qg2 Qxd1+ $19) 36... Ne7 37. Qa8+ (37. Kf2 $142) 37... Rf8 (37... Kh7 $16) 38. Qg2 $18 {[%emt 0:00:02][%cal Of5f6] Hoping for f6!} (38. Qxa7 $2 {is the wrong capture.} Qxg4+ 39. Kh2 Qh4+ (39... Nxf5 $2 40. Qc7 $19) 40. Kg1 Qg3+ (40... Nxf5 $2 41. Qb7 $19) 41. Kh1 Nxf5 $19 (41... Qxc3 $2 42. Qxe7 Qh3+ 43. Kg1 $19)) 38... Rf7 39. Qa8+ Rf8 40. Qg2 {[%emt 0:00:04][%cal Of5f6] And now f6! would win.} (40. Qxa7 $2 {loses.} Qxg4+ 41. Kh2 Qh4+ (41... Nxf5 $2 42. Qd7 $19) 42. Kg1 Qg3+ (42... Nxf5 $2 43. Qb7 $19) 43. Kh1 Nxf5 $19 (43... Qxc3 $2 44. Qxe7 Qh3+ 45. Kg1 $19)) 40... Rf7 41. Be5 {[%emt 0:13:08] Against Qf4} Kh7 42. Qh2+ (42. Qg3 $18) 42... Kg8 $11 43. Qg2 (43. Qg3 $11) 43... Kh7 $1 $16 44. Qh3+ $1 Kg8 {[%emt 0:01:20][%cal Re7f5] [#]} 45. Bd6 $1 g6 {[%emt 0:06:58] [#]} 46. Bxe7 (46. fxg6 $1 $16 Nxg6 47. Qh5 Qxh5 48. Re8+ (48. gxh5 Rd7 $16) 48... Kg7 49. gxh5) 46... Rxe7 $11 {[%emt 0:00:23] The position is equal.} 47. Rxe7 Qxe7 48. fxg6 $16 {[%emt 0:00:35][%cal Oh3h7] Intending Qh7+! and mate. KQ-KQ} Qe1+ 49. Qf1 Qg3+ 50. Qg2 Qe1+ 51. Qf1 Qg3+ 52. Qg2 Qe1+ 53. Qf1 {[%emt 0:00:06] Weighted Error Value: White=0.20 (precise) /Black=0.13 (very precise) .  Mistake:       	White=5     	Black=3      Inaccurate:     	---       	Black=1      OK:         	White=20    	Black=17     Best:        	White=2     	Black=5      Strong:       	White=2     	Black=1} 1/2-1/2